 Dungeon Crawl Stone Soup version 0.19-a0-450-g98b348d (webtiles) character file.

2875 Kidiri the Thaumaturge (level 9, -2/50 HPs)
             Began as a Deep Elf Fire Elementalist on June 1, 2016.
             Slain by an orc warrior
             ... wielding a +0 scimitar
              (19 damage)
             ... on level 7 of the Dungeon.
             The game lasted 00:34:44 (10182 turns).

Kidiri the Thaumaturge (DEFE)                      Turns: 10182, Time: 00:34:45

Health: -2/50      AC: 10    Str:  8    XL:     9   Next: 47%
Magic:  0/7        EV: 20    Int: 24    God:
Gold:   63         SH:  0    Dex: 20    Spells: 6 memorised, 6 levels left

rFire  + . .     SeeInvis .     I - +1 short sword "Onnaos" {antimagic, rC+ Str+3} (curse)
rCold  + . .     Gourm    .     a - +1 robe
rNeg   . . .     Faith    .     (no shield)
rPois  .         Spirit   .     t - +1 helmet
rElec  .         Dismiss  .     (no cloak)
rCorr  .         Reflect  .     o - +2 pair of gloves
SustAt .         Harm     .     x - +0 pair of boots
MR     .....     Rnd*Tele +     (no amulet)
Stlth  +++.......               (no ring)
                                C - ring of teleportation (curse)

@: agile, not resistant to hostile enchantments, fairly stealthy
A: talons 1, rugged brown scales 1, fire resistance 1
a: no special abilities


You were on level 7 of the Dungeon.
You were not hungry.

You visited 2 branches of the dungeon, and saw 8 of its levels.

You collected 287 gold pieces.
You spent 224 gold pieces at shops.

Inventory:

Hand Weapons
 m - a +0 dagger
 A - the +4 war axe "Zicvu" {freeze, rElec Int+2 SInv}
   (You found it on level 5 of the Dungeon)

   It has been specially enchanted to freeze those struck by it, causing extra
   injury to most foes and up to half again as much damage against particularly
   susceptible opponents.
   It can also slow down cold-blooded creatures.
   It affects your intelligence (+2).
   It insulates you from electricity.
   It lets you see invisible.
 I - the cursed +1 short sword "Onnaos" (weapon) {antimagic, rC+ Str+3}
   (You bought it in a shop on level 7 of the Dungeon)

   It reduces the magical energy of the wielder, and disrupts the spells and
   magical abilities of those hit.
   Natural abilities and divine invocations are not affected.
   It affects your strength (+3).
   It protects you from cold.
   It has a curse placed upon it.
Armour
 a - a +1 robe (worn)
 o - a +2 pair of gloves (worn)
 s - a +0 leather armour
 t - a +1 helmet (worn)
 x - a +0 pair of boots (worn)
Jewellery
 e - an uncursed amulet of rage
 f - an uncursed amulet of harm
 i - an uncursed ring of ice
 C - a cursed ring of teleportation (left hand)
 H - an uncursed amulet of guardian spirit
Wands
 g - a wand of heal wounds (5/9)
 q - a wand of acid (12/15)
 v - a wand of slowing (16/48)
 y - a wand of digging (19/24)
 B - a wand of random effects (21/48)
Scrolls
 k - 4 scrolls of teleportation
 z - a scroll of holy word
 D - a scroll of amnesia
 G - a scroll of magic mapping
Potions
 h - a potion of heal wounds
 j - a potion of agility
 l - 4 potions of curing
 n - 2 potions of cure mutation {unknown}
 p - a potion of ambrosia
 r - a potion of cancellation
 w - a potion of brilliance
 E - a potion of might {unknown}
Books
 b - a book of Flames

   Spells                             Type                      Level
   a - Flame Tongue                   Conjuration/Fire             1
   b - Throw Flame                    Conjuration/Fire             2
   c - Conjure Flame                  Conjuration/Fire             3
   d - Inner Flame                    Hexes/Fire                   3
   e - Sticky Flame                   Conjuration/Fire             4
   f - Fireball                       Conjuration/Fire             5
Comestibles
 c - 5 bread rations
 d - 6 meat rations


   Skills:
 + Level 2.6 Fighting
 + Level 3.5 Short Blades
 + Level 2.5 Armour
 + Level 4.8 Dodging
 - Level 2.4 Stealth
 * Level 8.4 Spellcasting
 * Level 6.7 Conjurations
 * Level 7.4 Fire Magic
 + Level 3.3 Evocations


You had 6 spell levels left.
You knew the following spells:

 Your Spells              Type           Power        Failure   Level  Hunger
a - Flame Tongue          Conj/Fire      #####        1%          1    None
b - Throw Flame           Conj/Fire      #####.       1%          2    None
c - Conjure Flame         Conj/Fire      #####...     1%          3    None
d - Inner Flame           Hex/Fire       ####....     4%          3    None
e - Sticky Flame          Conj/Fire      #####...     3%          4    ##.....
f - Fireball              Conj/Fire      #####.....   12%         5    ####...


Dungeon Overview and Level Annotations

Branches:
Dungeon (7/15)             Temple (1/1) D:5

Altars:
Dithmenos
Elyvilon
Fedhas
Kikubaaqudgha
Makhleb
Nemelex Xobeh
Okawaru
Qazlal
Ru
Sif Muna
Trog
Uskayaw
Yredelemnul
The Shining One
Lugonu

Shops:
D:5 =   D:7 (


Innate Abilities, Weirdness & Mutations

You have sharp toenails.
You are partially covered in rugged brown scales. (AC +1, +3% HP)
Your flesh is heat resistant. (rF+)


Message History

Press: ? - help, Shift-Dir - straight line, f/p - orc warrior
Aim: an orc warrior, wielding a scimitar and wearing a plate armour (lightly wounded)
The flame tongue hits the orc warrior.
The orc warrior is moderately wounded.
The orc warrior barely misses you.
You closely miss the orc warrior.
The orc warrior is moderately wounded.
The orc warrior hits you with a scimitar!
You hit the orc warrior but do no damage.
The orc warrior is moderately wounded.
The orc warrior misses you.
You hit the orc warrior.
The orc warrior is heavily wounded.
You hit the orc warrior but do no damage.
The orc warrior is heavily wounded.
The orc warrior hits you with a scimitar!
You closely miss the orc warrior.
The orc warrior is heavily wounded.
The orc warrior hits you with a scimitar!!
You die...

#(...≈≈≈.#..
....o#o##.#....#
#....≈≈≈.# ...
#$...#....#
#(...≈≈≈.# #
######....#
#.P..≈≈≈.# #....#
#....≈≈≈.# '....'
#....≈≈≈.# .'....'
#....≈≈≈.#
..#8..8#
#....≈≈≈.#
##################
#....≈≈###
#@o..)....o.......
#....≈≈#
##################
#....≈≈# #....≈≈#


You could see an orc warrior.

Vanquished Creatures
  Grinder (D:5)
  Prince Ribbit (D:5)
  A two-headed ogre (D:6)
  The ghost of George the Slasher, an amateur DsGl (D:4)
  4 wargs
  An ice beast (D:6)
  2 phantoms (D:5)
  The ghost of tstbtto the Chopper, an amateur NaGl (D:3)
  An ogre (D:7)
  3 centaurs
  2 giant frogs (D:7)
  2 howler monkeys
  A crimson imp (D:4)
  3 orc priests
  3 orc wizards
  2 hounds (D:7)
  An iguana (D:4)
  Ijyb (D:4)
  3 worker ants
  2 worker ant zombies (D:5)
  9 gnolls
  8 adders
  A shadow imp (D:5)
  An adder skeleton (D:4)
  A worm (D:2)
  A dart slug (D:1)
  10 giant geckos
  27 orcs
  2 ball pythons
  9 giant cockroaches
  14 goblins
  9 hobgoblins
  13 jackals
  7 kobolds
  2 bats
  A giant gecko zombie (D:6)
  6 giant newts
  A jackal zombie (D:7)
  2 quokka skeletons
  8 rats
168 creatures vanquished.

Notes
Turn   | Place    | Note
--------------------------------------------------------------
     0 | D:1      | Kidiri the Deep Elf Fire Elementalist began the quest for the Orb.
     0 | D:1      | Reached XP level 1. HP: 10/10 MP: 6/6
   241 | D:1      | Reached XP level 2. HP: 15/15 MP: 6/8
   245 | D:1      | Learned a level 2 spell: Throw Flame
  1164 | D:2      | Reached XP level 3. HP: 19/19 MP: 7/10
  1169 | D:2      | Learned a level 3 spell: Conjure Flame
  1173 | D:2      | Learned a level 3 spell: Inner Flame
  2175 | D:2      | Reached skill level 4 in Spellcasting
  2537 | D:2      | Reached XP level 4. HP: 17/24 MP: 3/12
  2609 | D:3      | Noticed tstbtto's ghost (amateur NaGl)
  2822 | D:3      | Killed tstbtto's ghost
  2822 | D:3      | Reached XP level 5. HP: 27/28 MP: 2/14
  2828 | D:3      | Learned a level 4 spell: Sticky Flame
  2993 | D:3      | Gained mutation: Your flesh is heat resistant. (rF+) [potion of mutation]
  2993 | D:3      | Gained mutation: You have sharp toenails. [potion of mutation]
  2993 | D:3      | Gained mutation: You are partially covered in rugged brown scales. (AC +1, +3% HP) [potion of mutation]
  3056 | D:3      | Reached skill level 5 in Spellcasting
  3673 | D:4      | Reached XP level 6. HP: 30/32 MP: 3/16
  4052 | D:4      | Noticed George's ghost (amateur DsGl)
  4066 | D:4      | Killed George's ghost
  4066 | D:4      | Reached skill level 6 in Spellcasting
  4066 | D:4      | Reached skill level 5 in Fire Magic
  4431 | D:4      | Reached skill level 1 in Short Blades
  4814 | D:4      | Reached skill level 1 in Evocations
  4814 | D:4      | Reached XP level 7. HP: 38/38 MP: 15/18
  4821 | D:4      | Learned a level 5 spell: Fireball
  4907 | D:4      | Noticed Ijyb
  4911 | D:4      | Killed Ijyb
  5352 | D:5      | Entered Level 5 of the Dungeon
  5352 | D:5      | Found Solieg's Jewellery Shop.
  5368 | D:5      | Found a staircase to the Ecumenical Temple.
  5385 | Temple   | Entered the Ecumenical Temple
  5586 | D:5      | Reached skill level 1 in Armour
  5656 | D:5      | Reached skill level 1 in Fighting
  5695 | D:5      | Reached XP level 8. HP: 16/44 MP: 1/20
  5897 | D:5      | Reached skill level 5 in Conjurations
  5998 | D:5      | Reached skill level 7 in Spellcasting
  6354 | D:5      | Got a translucent war axe
  6368 | D:5      | Noticed Grinder
  6535 | D:5      | Noticed Prince Ribbit
  6643 | D:5      | Killed Prince Ribbit
  6892 | D:5      | Killed Grinder
  7142 | D:6      | Identified the +4 war axe "Zicvu" {freeze, rElec Int+2 SInv} (You found it on level 5 of the Dungeon)
  7429 | D:6      | Found a white marble altar of Elyvilon.
  7977 | D:7      | Reached XP level 9. HP: 26/49 MP: 10/22
  8148 | D:7      | Found a burning altar of Makhleb.
  8379 | D:7      | Found a deep blue altar of Sif Muna.
  8380 | D:7      | Found a bloodstained altar of Trog.
  8484 | D:7      | Found Liamae's Antique Weapon Shop.
  8501 | D:7      | Bought a steaming short sword for 224 gold pieces
  8501 | D:7      | Identified the cursed +1 short sword "Onnaos" {antimagic, rC+ Str+3} (You bought it in a shop on level 7 of the Dungeon)
  8622 | D:7      | Found a shadowy altar of Dithmenos.
  8731 | D:7      | Noticed an orc knight
  8734 | D:7      | Noticed an orc knight
  9100 | D:7      | Reached skill level 8 in Spellcasting
  9392 | D:7      | Noticed an orc knight
 10182 | D:7      | Slain by an orc warrior

Vault maps used:
D:1:      elethiomel_arrival_quiet
D:2:      first_bread, minmay_misc_feat_encased
D:4:      kennysheep_goblin_castle, hangedman_decor_slide_cut
D:5:      minmay_temple_entry_grid, serial_shops, nicolae_shop_trees,
          uniq_grinder, uniq_prince_ribbit1
D:6:      old_standard_altar
D:7:      lemuel_castle_with_subvaults, nicolae_dithmenos_the_darkroom,
          gammafunk_temple_overflow_statue, makhleb_heckhound_becter,
          serial_shops, nicolae_shop_trees
Temple:   corrupted_temple

Skill      XL: |  1  2  3  4  5  6  7  8  9 |
---------------+----------------------------+-----
Conjurations   | 2 3 4 6 |  6.7
Fire Magic     | 4 5 6 7 |  7.4
Spellcasting   | 4 5 6 7 8 |  8.4
Short Blades   | 1 3 |  3.5
Evocations     | 1 2 3 |  3.3
Armour         | 1 2 |  2.5
Dodging        | 3 4 |  4.8
Fighting       | 1 2 |  2.6
Stealth        | |  2.4

Action                   |  1- 3 |  4- 6 |  7- 9 || total
-------------------------+-------+-------+-------++-------
Melee: Club              |     1 |       |       ||     1
       Whip              |     4 |       |       ||     4
       Dagger            |     8 |     9 |    71 ||    88
       War axe           |       |       |    10 ||    10
       Short sword       |       |       |    39 ||    39
 Cast: Flame Tongue      |    49 |    62 |   133 ||   244
       Throw Flame       |    29 |    27 |    40 ||    96
       Conjure Flame     |       |     3 |     2 ||     5
       Inner Flame       |       |     1 |       ||     1
       Sticky Flame      |       |       |     9 ||     9
       Fireball          |       |       |     1 ||     1
  Use: Scroll            |     5 |     6 |    13 ||    24
       Potion            |       |     1 |     4 ||     5
 Stab: Sleeping          |     2 |     3 |     3 ||     8
       Distracted        |       |       |     1 ||     1
  Eat: Chunk             |     6 |     2 |    13 ||    21
       Beef jerky        |       |     2 |     1 ||     3
       Pizza             |       |     1 |       ||     1
       Royal jelly       |       |       |     2 ||     2
Armor: Robe              |    11 |    12 |    55 ||    78
Dodge: Dodged            |    13 |    19 |   143 ||   175
